AoeStats
← m0nkey

Arabia

509142046Analyzed
1v1 RM · 8d ago on Sep 25, 2026· 90m 41s· 2 players
Game mode
Random Map
Map size
Tiny (2 player)
Population
200
Speed
Normal
Resources
Standard
Victory
Conquest
Starting age
Dark Age
Ending age
Imperial Age
RankedLock teamsTeams togetherTeam positionsShared explorationLock speedFull tech treeHidden civsTurbo modeCheats
Victory
Defeat
🇹🇷 Burmese · Türkiye
1123
+17
🇸🇪 Japanese · Sweden
1146
-17
blizzz
6:57 Loom
9:18 Feudal Age
21:59 Castle Age
20:47 Bloodlines
21:18 Scale Barding Armor
21:04 Horse Collar
22:14 Light Cavalry
25:21 Fervor
30:50 Elite Skirmisher
32:19 Padded Archer Armor
32:10 Fletching
33:48 Husbandry
34:29 Heavy Plow
38:14 Imperial Age
36:21 Wheelbarrow
35:31 Town Watch
36:19 Bodkin Arrow
37:32 Ballistics
38:32 Forging
39:03 Bracer
39:47 Crop Rotation
38:57 Heavy Scorpion
40:22 Hand Cart
41:10 Town Patrol
42:20 Parthian Tactics
43:01 Illumination
43:13 Gold Mining
43:45 Cavalier
44:19 Hussar
45:40 Chain Barding Armor
47:45 Plate Barding Armor
48:06 Iron Casting
46:59 Elite Battle Elephant
48:29 Heavy Cavalry Archer
53:12 Blast Furnace
54:28 Scale Mail Armor
54:45 Squires
55:43 Capped Ram
59:26 Chain Mail Armor
61:26 Howdah
61:48 Conscription
63:48 Coinage
63:28 Guilds
68:35 Siege Engineers
73:56 Banking
80:41 Chemistry
m0nkey
6:29 Loom
9:02 Feudal Age
9:09 Man-at-Arms
10:13 Double-Bit Axe
14:31 Horse Collar
19:24 Fletching
21:38 Castle Age
20:31 Padded Archer Armor
24:05 Wheelbarrow
23:11 Pikeman
23:54 Squires
23:56 Scale Mail Armor
23:52 Bodkin Arrow
24:12 Leather Archer Armor
24:22 Bow Saw
24:23 Heavy Plow
26:34 Hand Cart
27:13 Chain Mail Armor
26:26 Elite Skirmisher
30:13 Thumb Ring
29:58 Town Watch
31:40 Gold Mining
31:41 Stone Mining
35:02 Town Patrol
36:54 Ballistics
36:45 Masonry
36:32 Murder Holes
40:39 Gold Shaft Mining
43:55 Imperial Age
46:07 Ring Archer Armor
45:37 Bracer
46:08 Plate Mail Armor
45:49 Forging
48:18 Kataparuto
49:16 Halberdier
63:32 Chemistry
65:41 Siege Engineers
65:06 Onager
66:40 Iron Casting
68:57 Blast Furnace
72:38 Arson
90:12 Cavalier
Connection lost

Rejoining the realm…

Still unreachable

The connection could not be restored.

Session expired

The server has moved on; the page needs a fresh start.